| TOP OF THE 1ST |
|
Helena Brewers batting - Pitching for Johnson City Cardinals : RHP Ryan Zart
|
|
Pitching: RHP Ryan Zart
|
|
|
Batting: LHB Andy Buschlen
|
0-0: Swinging Strike 0-1: Swinging Strike 0-2: Strikes out swinging
|
|
Batting: LHB Tony Hasbun
|
0-0: DOUBLE (Line Drive, 7LM, EV 113.1 MPH)
|
|
Batting: RHB Manny Olave
|
0-0: Swinging Strike 0-1: Fly out, F5 (Popup, 5F, EV 76.2 MPH)
|
|
Batting: RHB Austin Doig
|
0-0: Ball 1-0: Called Strike 1-1: Foul Ball, location: 2F 1-2: Ball 2-2: Fly out, F8 (Flyball, 89M, EV 88.8 MPH)
|
| Top of the 1st over - 0 runs, 1 hit, 0 errors, 1 left on base; Helena 0 - Johnson City 0 |
| BOTTOM OF THE 1ST |
|
Johnson City Cardinals batting - Pitching for Helena Brewers : LHP Gil Sanchez
|
|
Pitching: LHP Gil Sanchez
|
|
|
Batting: RHB Mario Carbajal
|
0-0: Called Strike 0-1: Ball 1-1: Ball 2-1: SINGLE (Line Drive, 78M, EV 101.9 MPH)
|
|
Batting: SHB J.T. Ready
|
0-0: Ball 1-0: Grounds into double play, 4-6-3 (Groundball, 4M, EV 85.6 MPH)
|
|
Batting: RHB Arnold Schuler
|
0-0: Called Strike 0-1: Foul Ball, location: 2F 0-2: Ball 1-2: Foul Ball, location: 2F 1-2: Foul Ball, location: 2F 1-2: Ball 2-2: Foul Ball, location: 2F 2-2: SOLO HOME RUN (Line Drive, 7D, EV 101.9 MPH), Distance : 389 ft
|
|
Batting: RHB Matt McGuire
|
0-0: Foul Ball, location: 2F 0-1: Ball 1-1: Foul Ball, location: 2F 1-2: Strikes out swinging
|
| Bottom of the 1st over - 1 run, 2 hits, 0 errors, 0 left on base; Helena 0 - Johnson City 1 |
| TOP OF THE 2ND |
|
Helena Brewers batting - Pitching for Johnson City Cardinals : RHP Ryan Zart
|
|
Batting: RHB Frank Pena
|
0-0: Ball 1-0: Fly out, F4 (Line Drive, 4, EV 71.9 MPH)
|
|
Batting: LHB Jose Simental
|
0-0: Called Strike 0-1: Ball 1-1: Foul Ball, location: 2F 1-2: Ball 2-2: Strikes out swinging
|
|
Batting: LHB Alex Chairez
|
0-0: Called Strike 0-1: Swinging Strike 0-2: Ground out 6-3 (Groundball, 4M, EV 88.8 MPH)
|
| Top of the 2nd over - 0 runs, 0 hits, 0 errors, 0 left on base; Helena 0 - Johnson City 1 |
| BOTTOM OF THE 2ND |
|
Johnson City Cardinals batting - Pitching for Helena Brewers : LHP Gil Sanchez
|
|
Batting: SHB Brad Meyer
|
0-0: Called Strike 0-1: Ball 1-1: Called Strike 1-2: Ball 2-2: Ball 3-2: Base on Balls
|
|
Batting: LHB Pete Mitchell
|
0-0: Ball 1-0: Ball 2-0: Called Strike 2-1: Grounds into double play, 6-4-3 (Groundball, 6, EV 99.4 MPH)
|
|
Batting: SHB Felipe Campanella
|
0-0: Foul Ball, location: 2F 0-1: Ball 1-1: Swinging Strike 1-2: Ground out 6-3 (Groundball, 6, EV 85.0 MPH)
|
| Bottom of the 2nd over - 0 runs, 0 hits, 0 errors, 0 left on base; Helena 0 - Johnson City 1 |
| TOP OF THE 3RD |
|
Helena Brewers batting - Pitching for Johnson City Cardinals : RHP Ryan Zart
|
|
Pitching: RHP Francisco Galindo
|
|
|
Batting: RHB Jesus Menjivar
|
0-0: Fly out, F9 (Flyball, 89M, EV 85.0 MPH)
|
|
Batting: RHB Gil Sanchez
|
0-0: Ball 1-0: Ball 2-0: Ball 3-0: Base on Balls
|
|
Batting: LHB Andy Buschlen
|
0-0: Ball 1-0: Fly out, F7 (Line Drive, 7LM, EV 85.6 MPH)
|
|
Batting: LHB Tony Hasbun
|
0-0: Ball 1-0: Ball 2-0: Ball 3-0: Base on Balls Gil Sanchez to second
|
|
Batting: RHB Manny Olave
|
0-0: Ball 1-0: Fly out, F7 (Line Drive, 7S, EV 86.2 MPH)
|
| Top of the 3rd over - 0 runs, 0 hits, 0 errors, 2 left on base; Helena 0 - Johnson City 1 |
| BOTTOM OF THE 3RD |
|
Johnson City Cardinals batting - Pitching for Helena Brewers : LHP Gil Sanchez
|
|
Batting: LHB Doug Nebel
|
0-0: Ball 1-0: Ball 2-0: Called Strike 2-1: Fly out, F3 (Line Drive, 3L, EV 60.0 MPH)
|
|
Batting: RHB Seung-kab Park
|
0-0: Called Strike 0-1: Ball 1-1: Called Strike 1-2: Ball 2-2: Foul Ball, location: 2F 2-2: Ball 3-2: Foul Ball, location: 2F 3-2: Fly out, F8 (Line Drive, 8RM, EV 103.8 MPH)
|
|
Batting: RHB Mario Carbajal
|
0-0: Foul Ball, location: 2F 0-1: Ball 1-1: Foul Ball, location: 2F 1-2: Fly out, F8 (Flyball, 78D, EV 95.6 MPH)
|
| Bottom of the 3rd over - 0 runs, 0 hits, 0 errors, 0 left on base; Helena 0 - Johnson City 1 |
| TOP OF THE 4TH |
|
Helena Brewers batting - Pitching for Johnson City Cardinals : RHP Francisco Galindo
|
|
Batting: RHB Austin Doig
|
0-0: Ball 1-0: Swinging Strike 1-1: Swinging Strike 1-2: Strikes out swinging
|
|
Batting: RHB Frank Pena
|
0-0: Ball 1-0: Ball 2-0: Ball 3-0: Called Strike 3-1: Base on Balls
|
|
Batting: LHB Jose Simental
|
0-0: Ball 1-0: Ball Frank Pena steals 2nd base 2-0: Swinging Strike 2-1: Foul Ball, location: 2F 2-2: Foul Ball, location: 2F 2-2: Strikes out swinging
|
|
Batting: LHB Alex Chairez
|
0-0: Called Strike 0-1: Swinging Strike 0-2: Strikes out swinging
|
| Top of the 4th over - 0 runs, 0 hits, 0 errors, 1 left on base; Helena 0 - Johnson City 1 |
| BOTTOM OF THE 4TH |
|
Johnson City Cardinals batting - Pitching for Helena Brewers : LHP Gil Sanchez
|
|
Batting: SHB J.T. Ready
|
0-0: Called Strike 0-1: Ball 1-1: Ground out 1-3 (Groundball, 13, EV 73.8 MPH)
|
|
Batting: RHB Arnold Schuler
|
0-0: Foul Ball, location: 2F 0-1: Ball 1-1: Ball 2-1: Ball 3-1: Called Strike 3-2: Base on Balls
|
|
Batting: RHB Matt McGuire
|
0-0: Ball 1-0: Ball 2-0: Ball 3-0: Called Strike 3-1: Base on Balls Arnold Schuler to second
|
|
Batting: SHB Brad Meyer
|
0-0: Called Strike 0-1: Grounds into double play, 4-6-3 (Groundball, 4, EV 86.9 MPH)
|
| Bottom of the 4th over - 0 runs, 0 hits, 0 errors, 1 left on base; Helena 0 - Johnson City 1 |
| TOP OF THE 5TH |
|
Helena Brewers batting - Pitching for Johnson City Cardinals : RHP Francisco Galindo
|
|
Batting: RHB Jesus Menjivar
|
0-0: Called Strike 0-1: Ball 1-1: Swinging Strike 1-2: Strikes out swinging
|
|
Batting: RHB Gil Sanchez
|
0-0: Ball 1-0: Swinging Strike 1-1: Ball 2-1: Ball 3-1: Base on Balls
|
|
Pitching: RHP Tony Bonilla
|
|
|
Batting: LHB Andy Buschlen
|
0-0: Foul Ball, location: 2F 0-1: Ball 1-1: Ball 2-1: Foul Ball, location: 2F 2-2: Ball 3-2: Fielders Choice at 2nd, 1-6 (Groundball, 13S, EV 70.6 MPH)
|
|
Batting: LHB Tony Hasbun
|
0-0: Ball 1-0: Ball 2-0: Foul Ball, location: 2F 2-1: Ball 3-1: Foul Ball, location: 2F 3-2: Base on Balls Andy Buschlen to second
|
|
Batting: RHB Manny Olave
|
0-0: Ball 1-0: Ball 2-0: Foul Ball, location: 2F 2-1: Fly out, F7 (Flyball, 7D, EV 107.5 MPH)
|
| Top of the 5th over - 0 runs, 0 hits, 0 errors, 2 left on base; Helena 0 - Johnson City 1 |
| BOTTOM OF THE 5TH |
|
Johnson City Cardinals batting - Pitching for Helena Brewers : LHP Gil Sanchez
|
|
Batting: LHB Pete Mitchell
|
0-0: Called Strike 0-1: Ball 1-1: Swinging Strike 1-2: Strikes out swinging
|
|
Batting: SHB Felipe Campanella
|
0-0: Ball 1-0: Foul Ball, location: 2F 1-1: Ball 2-1: Swinging Strike 2-2: Foul Ball, location: 2F 2-2: SINGLE (Groundball, 56D, EV 100.0 MPH)
|
|
Batting: LHB Doug Nebel
|
0-0: Called Strike 0-1: Swinging Strike 0-2: SINGLE (Groundball, 34D, EV 97.5 MPH) Felipe Campanella to second
|
|
Batting: RHB Seung-kab Park
|
0-0: DOUBLE (Line Drive, 7LM, EV 96.9 MPH) Felipe Campanella scores Doug Nebel to third
|
|
Batting: RHB Mario Carbajal
|
0-0: Ball 1-0: Ball 2-0: SINGLE (Line Drive, 56, EV 96.9 MPH) Doug Nebel scores Seung-kab Park to third
|
|
Pitching: LHP Keith Rogers
|
|
|
Batting: SHB J.T. Ready
|
0-0: Ball 1-0: Ball 2-0: Ball 3-0: Called Strike 3-1: Base on Balls Mario Carbajal to second
|
|
Batting: RHB Arnold Schuler
|
0-0: SINGLE (Line Drive, 8LS, EV 92.5 MPH) Seung-kab Park scores Mario Carbajal to third J.T. Ready to second Runner from 3rd tries for Home, throw by CF and OUT! 8-2
|
|
Batting: RHB Matt McGuire
|
0-0: Ball 1-0: Foul Ball, location: 2F 1-1: Fly out, F7 (Flyball, 7LM, EV 106.9 MPH)
|
| Bottom of the 5th over - 3 runs, 5 hits, 0 errors, 2 left on base; Helena 0 - Johnson City 4 |
| TOP OF THE 6TH |
|
Helena Brewers batting - Pitching for Johnson City Cardinals : RHP Tony Bonilla
|
|
Batting: RHB Austin Doig
|
0-0: Ball 1-0: Called Strike 1-1: DOUBLE (Line Drive, 9LM, EV 101.9 MPH)
|
|
Batting: RHB Frank Pena
|
0-0: Ball 1-0: Called Strike 1-1: Foul Ball, location: 2F 1-2: Ball 2-2: Ball 3-2: Ground out 1-3 (Groundball, 13S, EV 70.0 MPH) Austin Doig to third
|
|
Batting: LHB Jose Simental
|
0-0: Ball 1-0: Swinging Strike 1-1: Foul Ball, location: 2F 1-2: Ball 2-2: Fly out, F7 (Line Drive, 7S, EV 91.9 MPH)
|
|
Batting: LHB Alex Chairez
|
0-0: Ball 1-0: Ball 2-0: Called Strike 2-1: Called Strike 2-2: Foul Ball, location: 2F 2-2: Ball 3-2: Ground out 6-3 (Groundball, 4MS, EV 79.4 MPH)
|
| Top of the 6th over - 0 runs, 1 hit, 0 errors, 1 left on base; Helena 0 - Johnson City 4 |
| BOTTOM OF THE 6TH |
|
Johnson City Cardinals batting - Pitching for Helena Brewers : LHP Keith Rogers
|
|
Batting: SHB Brad Meyer
|
0-0: Ball 1-0: Ball 2-0: Foul Ball, location: 2F 2-1: Ball 3-1: Fly out, F9 (Flyball, 9LM, EV 85.6 MPH)
|
|
Batting: LHB Pete Mitchell
|
0-0: Foul Ball, location: 2F 0-1: Foul Ball, location: 2F 0-2: Ball 1-2: Strikes out swinging
|
|
Batting: SHB Felipe Campanella
|
0-0: Ball 1-0: Ball 2-0: Called Strike 2-1: Called Strike 2-2: Ball 3-2: Foul Ball, location: 2F 3-2: Strikes out swinging
|
| Bottom of the 6th over - 0 runs, 0 hits, 0 errors, 0 left on base; Helena 0 - Johnson City 4 |
| TOP OF THE 7TH |
|
Helena Brewers batting - Pitching for Johnson City Cardinals : RHP Tony Bonilla
|
|
Batting: RHB Jesus Menjivar
|
0-0: Ball 1-0: Called Strike 1-1: Ball 2-1: Ground out 6-3 (Groundball, 6, EV 85.0 MPH)
|
|
Batting: RHB Gil Sanchez
|
0-0: Foul Ball, location: 2F 0-1: Ball 1-1: Foul Ball, location: 2F 1-2: Strikes out swinging
|
|
Pitching: RHP Steve Holmes
|
|
|
Batting: LHB Andy Buschlen
|
0-0: Called Strike 0-1: Swinging Strike 0-2: Ball 1-2: Ball 2-2: Foul Ball, location: 2F 2-2: Ball 3-2: Fly out, F7 (Flyball, 78M, EV 89.4 MPH)
|
| Top of the 7th over - 0 runs, 0 hits, 0 errors, 0 left on base; Helena 0 - Johnson City 4 |
| BOTTOM OF THE 7TH |
|
Johnson City Cardinals batting - Pitching for Helena Brewers : LHP Keith Rogers
|
|
Batting: LHB Doug Nebel
|
0-0: Ball 1-0: Ball 2-0: Called Strike 2-1: Foul Ball, location: 2F 2-2: Fly out, F7 (Flyball, 7S, EV 82.5 MPH)
|
|
Batting: RHB Seung-kab Park
|
0-0: Ball 1-0: Ball 2-0: Called Strike 2-1: Ground out 5-3 (Groundball, 5S, EV 86.2 MPH)
|
|
Batting: RHB Mario Carbajal
|
0-0: Foul Ball, location: 2F 0-1: Ball 1-1: Called Strike 1-2: Fly out, F8 (Flyball, 8RD, EV 100.0 MPH)
|
| Bottom of the 7th over - 0 runs, 0 hits, 0 errors, 0 left on base; Helena 0 - Johnson City 4 |
| TOP OF THE 8TH |
|
Helena Brewers batting - Pitching for Johnson City Cardinals : RHP Steve Holmes
|
|
Batting: LHB Tony Hasbun
|
0-0: Called Strike 0-1: Called Strike 0-2: Foul Ball, location: 2F 0-2: DOUBLE (Line Drive, 7LD, EV 103.8 MPH)
|
|
Batting: RHB Manny Olave
|
0-0: Ball 1-0: Called Strike 1-1: Foul Ball, location: 2F 1-2: Ball 2-2: Strikes out swinging
|
|
Batting: RHB Austin Doig
|
0-0: Called Strike 0-1: Called Strike 0-2: Ball 1-2: Foul Ball, location: 2F 1-2: Strikes out swinging
|
|
Batting: RHB Frank Pena
|
0-0: Fly out, F8 (Flyball, 8RM, EV 96.9 MPH)
|
| Top of the 8th over - 0 runs, 1 hit, 0 errors, 1 left on base; Helena 0 - Johnson City 4 |
| BOTTOM OF THE 8TH |
|
Johnson City Cardinals batting - Pitching for Helena Brewers : LHP Keith Rogers
|
|
Batting: SHB J.T. Ready
|
0-0: Ball 1-0: Called Strike 1-1: Ground out 5-3 (Groundball, 5S, EV 90.6 MPH)
|
|
Batting: RHB Arnold Schuler
|
0-0: Swinging Strike 0-1: Foul Ball, location: 2F 0-2: Ball 1-2: Strikes out swinging
|
|
Pitching: LHP Ramiro Lunas
|
|
|
Batting: RHB Matt McGuire
|
0-0: Ball 1-0: Called Strike 1-1: Fly out, F3 (Popup, 3SF, EV 78.1 MPH)
|
| Bottom of the 8th over - 0 runs, 0 hits, 0 errors, 0 left on base; Helena 0 - Johnson City 4 |
| TOP OF THE 9TH |
|
Helena Brewers batting - Pitching for Johnson City Cardinals : RHP Steve Holmes
|
|
Batting: LHB Jose Simental
|
0-0: Foul Ball, location: 2F 0-1: Ball 1-1: Foul Ball, location: 2F 1-2: Foul Ball, location: 2F 1-2: Ball 2-2: Strikes out swinging
|
|
Pitching: RHP Steve Langlois
|
|
|
Batting: LHB Alex Chairez
|
0-0: Foul Ball, location: 2F 0-1: Foul Ball, location: 2F 0-2: Ball 1-2: Fly out, F7 (Line Drive, 78M, EV 91.9 MPH)
|
|
Batting: RHB Jesus Menjivar
|
0-0: Ball 1-0: Ground out 5-3 (Groundball, 56, EV 84.4 MPH)
|
| Top of the 9th over - 0 runs, 0 hits, 0 errors, 0 left on base; Helena 0 - Johnson City 4 |
|